 Dungeon Crawl Stone Soup version 0.28.0-53-g5a82cb258f (webtiles) character file.

Game seed: 17884157416203681078

2524 sanboga the Grappler (level 9, 0/133 HPs)
             Began as a Troll Berserker on July 16, 2022.
             Was a Priest of Trog.
             Slain by Erolcha
             ... wielding a +0 giant club
              (27 damage)
             ... on level 9 of the Dungeon.
             The game lasted 00:06:32 (4721 turns).

sanboga the Grappler (Troll Berserker)              Turns: 4721, Time: 00:06:33

Health: 0/133      AC:  4    Str: 31    XL:     9   Next: 29%
Magic:  17/17      EV: 11    Int:  3    God:    Trog [***...]
Gold:   286        SH:  0    Dex:  9    Spells: 8/8 levels left

rFire   . . .      SeeInvis .     - Unarmed
rCold   . . .      Faith    .   (no shield)
rNeg    + . .      Spirit   .   a - +0 animal skin
rPois   .          Reflect  .   (helmet restricted)
rElec   .          Harm     .   (no cloak)
rCorr   .          Rampage  .   (gloves unavailable)
Will    ++...                   (boots unavailable)
Stlth   ..........              (no amulet)
HPRegen 2.12/turn               q - ring of positive energy
MPRegen 0.15/turn               n - ring of magical power

@: berserking, strong-willed, regenerating, very quick
A: large, unfitting armour, claws 3, regeneration 1, shaggy fur 1, tough skin 1
a: Renounce Religion, Berserk, Trog's Hand


You were on level 9 of the Dungeon.
You worshipped Trog.
Trog was most pleased with you.
You visited 1 branch of the dungeon, and saw 8 of its levels.

You collected 286 gold pieces.

Inventory:

Hand Weapons
 g - a +2 hand axe of venom
Armour
 a - a +0 animal skin (worn)
Jewellery
 n - a ring of magical power (right claw)
 q - a ring of positive energy (left claw)
Wands
 u - a wand of flame (16)
 w - a wand of digging (7)
Scrolls
 c - 2 scrolls of enchant weapon {unknown}
 e - a scroll of magic mapping {unknown}
 h - a scroll of torment {unknown}
 i - 2 scrolls of fog
 l - 2 scrolls of blinking
 o - a scroll of fear
 p - 2 scrolls of teleportation {unknown}
 r - a scroll of acquirement {unknown}
 s - a scroll of amnesia {unknown}
Potions
 b - 3 potions of magic {unknown}
 d - a potion of ambrosia
 f - a potion of heal wounds
 j - 2 potions of mutation
 k - a potion of flight
 m - a potion of curing
 t - a potion of haste {unknown}
 v - 2 potions of lignification {unknown}


   Skills:
 + Level 5.8 Fighting
 + Level 5.8 Dodging
 * Level 9.5 Unarmed Combat


You had 8 spell levels left.
You didn't know any spells.
Your spell library was empty.

Dungeon Overview and Level Annotations

Branches:
Dungeon (7/15)             Temple (0/1) D:5

Altars:
Cheibriados
Dithmenos
Makhleb
Ru
Sif Muna
Uskayaw
Wu Jian
Zin

Annotations:
D:9 Erolcha


Innate Abilities, Weirdness & Mutations

You are too large for most types of armour.
You have claws for hands.
Your natural rate of healing is unusually fast.
You are covered in fur. (AC +1)
You have tough skin. (AC +1)


Message History

You now have 286 gold pieces (gained 10).
The centaur shouts!
The centaur wields a +0 shortbow.
The centaur shoots an arrow.
The arrow hits you!
The centaur shoots an arrow.
The arrow hits you.
The centaur shoots an arrow.
The arrow hits you.
The centaur shoots an arrow.
The arrow hits you.
The centaur shoots an arrow.
The arrow barely misses you.
The centaur unwields a +0 shortbow.
The centaur hits you. The centaur misses you.
You claw the centaur! Your claw misses the centaur.
The centaur is moderately wounded.
The centaur misses you. The centaur kicks you.
You mangle the centaur!!
You kill the centaur!
Trog accepts your kill.
Things that are here:
a +0 shortbow; 16 arrows Erolcha the Cunning comes into view.
She is wielding a +0 giant club.
Erolcha shouts!
Your skin crawls.
You feel strong-willed.
You can no longer call in reinforcements.
You claw Erolcha!
Erolcha is lightly wounded.
Erolcha casts a spell.
Erolcha blinks!
Erolcha mumbles some strange words.
Erolcha flickers and vanishes!
Deactivating autopickup; reactivate with Ctrl-A.
Something hits you!! Something hits you!
You miss something. Something hits you!!
You miss something. Something hits you!!
* * * LOW HITPOINT WARNING * * *
You feel much better. Something hits you!!
* * * LOW HITPOINT WARNING * * *
A red film seems to cover your vision as you go berserk!
You feel yourself moving faster!
You feel mighty! Something hits you!!
You die...

#.#.#
#.#.........##....#
#.#.+
#.................+
#..)#
############+###+##
#...# #.#.#
####+####+# #
#.#.###............
#.............#...#
#....#.....{.......
#..........@.......
#.................#
#...#####+#######..
#...# #...# #.#..
#.... #...


There were no monsters in sight!

Vanquished Creatures
  3 yaks (D:5)
  Edmund (D:5)
  Duvessa (D:4)
  2 ice beasts
  A black bear (D:5)
  A sky beast (D:5)
  2 ogres
  2 centaurs
  A phantom (D:6)
  A bullfrog (D:6)
  4 scorpions
  A wyvern skeleton (D:5)
  A water moccasin skeleton (D:6)
  Dowan (D:4)
  3 wights (D:9)
  2 howler monkeys
  2 bullfrog zombies
  A hound (D:5)
  A jelly (D:4)
  An orc priest (D:5)
  A gnoll shaman (D:6)
  A bullfrog skeleton (D:5)
  2 iguanas
  2 orc wizards (D:3)
  2 adders
  4 gnolls
  An ufetubus (D:5)
  2 worms
  5 dart slugs
  12 orcs
  3 endoplasms
  A giant cockroach (D:1)
  7 hobgoblins
  12 jackals
  A quokka (D:2)
  7 ball pythons
  5 bats
  3 frilled lizards
  6 goblins
  9 kobolds
  8 rats
126 creatures vanquished.

Vanquished Creatures (others)
  28 plants (D:4)
28 creatures vanquished.

Grand Total: 154 creatures vanquished

Notes
Turn   | Place    | Note
-------+----------+-------------------------------------------
     0 | D:1      | sanboga the Troll Berserker began the quest for the Orb.
     0 | D:1      | Reached XP level 1. HP: 22/22 MP: 0/0
   130 | D:1      | Reached XP level 2. HP: 29/29 MP: 1/1
   435 | D:1      | Reached ** piety under Trog
   453 | D:1      | Reached XP level 3. HP: 30/36 MP: 2/2
  1191 | D:3      | Reached skill level 4 in Unarmed Combat
  1191 | D:3      | Reached XP level 4. HP: 30/44 MP: 3/3
  1223 | D:3      | Found a faded altar of an unknown god.
  1627 | D:4      | Noticed Duvessa
  1627 | D:4      | Noticed Dowan
  1682 | D:4      | Noticed a scorpion
  1689 | D:4      | Killed a scorpion
  1690 | D:4      | Reached XP level 5. HP: 34/53 MP: 4/4
  1793 | D:4      | Reached skill level 5 in Unarmed Combat
  2001 | D:4      | Noticed an ice beast
  2014 | D:4      | Killed an ice beast
  2015 | D:4      | Reached XP level 6. HP: 44/61 MP: 5/5
  2015 | D:4      | Reached *** piety under Trog
  2379 | D:4      | Found a snail-covered altar of Cheibriados.
  2499 | D:4      | Killed Duvessa
  2500 | D:4      | Reached skill level 6 in Unarmed Combat
  2500 | D:4      | Reached XP level 7. HP: 70/70 MP: 6/6
  2503 | D:4      | Killed Dowan
  2754 | D:5      | Entered Level 5 of the Dungeon
  2879 | D:5      | Noticed a yak
  2881 | D:5      | Noticed Edmund
  2881 | D:5      | Noticed a yak
  2881 | D:5      | Noticed a yak
  2911 | D:5      | Killed a yak
  2912 | D:5      | Reached skill level 7 in Unarmed Combat
  2914 | D:5      | Killed a yak
  2915 | D:5      | Reached XP level 8. HP: 79/79 MP: 7/7
  2920 | D:5      | Killed Edmund
  2969 | D:5      | Reached skill level 8 in Unarmed Combat
  2981 | D:5      | Reached skill level 5 in Fighting
  2989 | D:5      | Reached skill level 5 in Dodging
  2994 | D:5      | Found a staircase to the Ecumenical Temple.
  3305 | D:5      | Found an ornate altar of the Wu Jian Council.
  3658 | D:6      | Found a shimmering blue altar of Sif Muna.
  3664 | D:6      | Found a hide-covered altar of Uskayaw.
  3665 | D:6      | Found a burning altar of Makhleb.
  3665 | D:6      | Found a shadowy altar of Dithmenos.
  3666 | D:6      | Found a sacrificial altar of Ru.
  3734 | D:6      | Reached skill level 9 in Unarmed Combat
  3734 | D:6      | Reached XP level 9. HP: 65/88 MP: 8/8
  3774 | D:6      | Found a glowing silver altar of Zin.
  3998 | D:6      | Reached **** piety under Trog
  4530 | D:7      | You fall into a shaft and drop 2 floors!
  4708 | D:9      | Noticed Erolcha
  4721 | D:9      | Slain by Erolcha

Illustrated notes

Levels and vault maps discovered:
D:1:      lightli_arrival_flooded_house, layout_basic, minmay_pentomino_x2
D:2:      layout_rooms
D:3:      layout_basic, chequers_ecumenical_altar_simple
D:4:      layout_loops_corners, slow_altar_2, serial_bayou, serial_bayou_pond_b,
          serial_bayou_pond_b, serial_bayou_lake_a, serial_bayou_pond_d,
          serial_bayou_shore_a, uniq_duvessa
D:5:      layout_rooms, lemuel_round_altar, minmay_temple_entry_crystal_x,
          uniq_edmund
D:6:      layout_basic, zin_academy, grunt_temple_overflow_open
D:7:      layout_basic, nicolae_overflow_crystal_walls,
          mainiacjoe_overflow_paths, uniq_maggie
D:9:      layout_stronghold, zombieorc2_lemuel, bh_walls_and_bars, uniq_erolcha

Skill      XL: |  1  2  3  4  5  6  7  8 |
---------------+-------------------------+-----
Unarmed Combat | 4 5 6 7 9 |  9.5
Fighting       | 3 4 5 |  5.8
Dodging        | 3 4 5 |  5.8

Action                   |  1- 3 |  4- 6 |  7- 9 || total
-------------------------+-------+-------+-------++-------
Melee: Unarmed           |    88 |   116 |   138 ||   342
       Punch             |       |     5 |     5 ||    10
Invok: Berserk           |       |     2 |     3 ||     5
       Trog's Hand       |       |       |     1 ||     1
  Use: Scroll            |       |     3 |     5 ||     8
       Potion            |       |     2 |     1 ||     3
 Stab: Sleeping          |     1 |       |       ||     1
Armor: Animal skin       |    23 |    40 |    19 ||    82
Dodge: Dodged            |    41 |    47 |    68 ||   156
